AoeStats
← NPG | Shimishi Maki

Arabia

509677279Analyzed
4v4 RM · 4d ago on Sep 27, 2026· 14m 45s· 8 players
Game mode
Random Map
Map size
Large (8 player)
Population
200
Speed
Normal
Resources
Standard
Victory
Conquest
Starting age
Dark Age
Ending age
Imperial Age
RankedLock teamsTeams togetherTeam positionsShared explorationLock speedFull tech treeHidden civsTurbo modeCheats
Victory
Defeat
🇨🇱 Slavs · Chile
1699
+9
🇨🇱 Spanish · Chile
1697
+10
🇨🇱 Bohemians · Chile
1518
+17
🇨🇱 Vietnamese · Chile
1443
+19
🇲🇽 Varangians · Mexico
1668
-19
1573
-15
🇲🇽 Huns · Mexico
1461
-11
🇲🇽 Britons · Mexico
1446
-10
ArNuL
2:30 Loom
10:32 Feudal Age
11:01 Double-Bit Axe
11:22 Horse Collar
[VL] Shile Shilaca 8.80
5:02 Loom
10:42 Feudal Age
13:50 Double-Bit Axe
MAXIMO MERIDIO
7:03 Loom
10:09 Feudal Age
kazumakine
6:58 Loom
9:25 Feudal Age
9:57 Double-Bit Axe
9:54 Horse Collar
NPG | El Compadre
7:00 Loom
9:16 Feudal Age
10:28 Double-Bit Axe
13:45 Fletching
Dkastro
6:27 Loom
8:59 Feudal Age
9:51 Double-Bit Axe
9:49 Horse Collar
Manu CL
3:02 Loom
8:47 Feudal Age
9:35 Double-Bit Axe
12:59 Fletching
NPG | Shimishi Maki
6:38 Loom
9:07 Feudal Age
9:38 Horse Collar
14:20 Scale Barding Armor
Connection lost

Rejoining the realm…

Still unreachable

The connection could not be restored.

Session expired

The server has moved on; the page needs a fresh start.